 Dungeon Crawl Stone Soup version 0.30-a0-21-g5d08c37080 (webtiles) character file.

Game seed: 1957090284595951905

62517 Plasmagod the Eclecticist (level 14, -6/92 HPs)
             Began as a Deep Elf Conjurer on Aug 24, 2022.
             Was a High Priest of Vehumet.
             Mangled by Snorg (18 damage)
             ... while paralysed by an orc sorcerer
             ... on level 1 of the Orcish Mines.
             The game lasted 01:11:55 (21474 turns).

Plasmagod the Eclecticist (Deep Elf Conjurer)      Turns: 21474, Time: 01:11:56

Health: -6/92      AC:  8    Str:  4    XL:     14   Next: 64%
Magic:  14/40      EV:  2    Int: 33    God:    Vehumet [*****.]
Gold:   1131       SH:  0    Dex: 13    Spells: 16/53 levels left

rFire   + + .      SeeInvis .    E - staff of conjuration
rCold   . . .      Faith    .    (no shield)
rNeg    . . .      Spirit   .    g - +2 robe {rC+ rF+}
rPois   +          Reflect  .    W - +0 helmet
rElec   .          Harm     .    G - +0 cloak
rCorr   .          Rampage  .    K - +0 pair of gloves
Will    +....                    q - +0 pair of boots
Stlth   ++........               N - amulet of Ricubba {+Inv Regen+ Int+4}
HPRegen 1.05/turn                X - ring of fire
MPRegen 0.27/turn                J - ring of poison resistance

@: paralysed
A: no striking features
a: Renounce Religion, Evoke Invisibility


You were on level 1 of the Orcish Mines.
You worshipped Vehumet.
Vehumet was extremely pleased with you.
You visited 4 branches of the dungeon, and saw 19 of its levels.

You collected 1771 gold pieces.
You spent 640 gold pieces at shops.

Inventory:

Hand Weapons
 w - the +7 rapier of Watchfulness {protect, Str+4}
   (You found it on level 3 of the Dungeon)

   It grants its wielder temporary protection when it strikes (+7 to AC).
   Str:       It affects your strength (+4).
Armour
 g - a +2 robe of resistance (worn)
 q - a +0 pair of boots (worn)
 G - a +0 cloak (worn)
 K - a +0 pair of gloves (worn)
 W - a +0 helmet (worn)
Magical Staves
 E - a staff of conjuration (weapon)
 F - a staff of fire
Jewellery
 a - a ring of wizardry
 l - a ring of protection from fire
 o - an amulet of the acrobat
 J - a ring of poison resistance (right hand)
 N - the amulet of Ricubba (around neck) {+Inv Regen+ Int+4}
   (You found it on level 10 of the Dungeon)

   [amulet of regeneration]

   Int:       It affects your intelligence (+4).
   +Inv:      It lets you turn invisible.
   Regen:     It increases your rate of health regeneration.
 Q - a ring of willpower
 S - a ring of wizardry
 X - a ring of fire (left hand)
 Y - a ring of see invisible
Wands
 r - a wand of iceblast (8)
 A - a wand of paralysis (24)
 B - a wand of digging (8)
 C - a wand of mindburst (32)
 L - a wand of flame (8)
 V - a wand of polymorph (4)
Scrolls
 d - 5 scrolls of amnesia
 f - 3 scrolls of enchant armour {unknown}
 h - 2 scrolls of identify
 m - a scroll of poison
 s - 2 scrolls of immolation
 v - 3 scrolls of vulnerability
 x - 9 scrolls of teleportation
 y - 3 scrolls of fear {unknown}
 z - 5 scrolls of enchant weapon
 I - a scroll of acquirement
 M - a scroll of silence
 P - a scroll of butterflies {unknown}
 R - 2 scrolls of summoning {unknown}
 U - 2 scrolls of magic mapping {unknown}
Potions
 b - 2 potions of magic
 c - 3 potions of heal wounds
 e - 3 potions of cancellation
 i - 3 potions of might
 j - 3 potions of mutation
 k - 4 potions of haste
 n - 4 potions of curing
 p - 2 potions of brilliance
 t - 6 potions of flight
 u - 2 potions of invisibility
 D - 3 potions of ambrosia
 H - 3 potions of lignification
 T - a potion of resistance
 Z - a potion of attraction
Miscellaneous
 O - a phial of floods


   Skills:
 - Level 12.0 Fighting
 - Level 2.8 Dodging
 - Level 2.8 Stealth
 - Level 20.0 Spellcasting
 + Level 11.6 Conjurations
 - Level 6.0 Hexes
 - Level 6.0 Translocations
 - Level 10.0 Fire Magic
 - Level 4.3 Air Magic


You had 16 spell levels left.
You knew the following spells:

 Your Spells              Type           Power      Damage    Failure   Level
a - Magic Dart            Conj           100%       1d8       0%          1
b - Searing Ray           Conj           100%       2d8       0%          2
c - Fulminant Prism       Conj/Hex       47%        3d21      1%          4
d - Iskenderun's Mystic   Conj/Tloc      95%        2d18      1%          4
e - Iskenderun's Battles  Conj           100%       2d15      1%          5
f - Fireball              Conj/Fire      62%        3d24      1%          5
g - Starburst             Conj/Fire      62%        6d16      1%          6
h - Swiftness             Air            57%        N/A       1%          3
i - Orb of Destruction    Conj           52%        9d13      1%          7

Your spell library contained the following spells:

 Spells                   Type           Power      Damage    Failure   Level
 Lee's Rapid Deconstruct  Erth           16%        3d11*     8%          5
 Apportation              Tloc           100%       N/A       1%          1
 Freeze                   Ice            100%       1d11      1%          1
 Necrotise                Necr           100%       1d9       1%          1
 Shock                    Conj/Air       100%       1d9       1%          1
 Summon Small Mammal      Summ           100%       N/A       1%          1
 Ensorcelled Hibernation  Hex/Ice        100%       N/A       1%          2
 Passwall                 Tmut/Erth      27%        N/A       1%          2
 Static Discharge         Conj/Air       91%        3-15/arc  1%          2
 Conjure Flame            Conj/Fire      100%       6-21      1%          3
 Dazzling Flash           Conj/Hex       100%       N/A       1%          3
 Frozen Ramparts          Ice            66%        1d10      1%          3
 Ignite Poison            Fire/Tmut/Pois 70%        N/A       1%          3
 Stone Arrow              Conj/Erth      100%       3d13      1%          3
 Airstrike                Air            28%        2d(5-21)  1%          4
 Hailstorm                Conj/Ice       82%        3d17      1%          4
 Sticky Flame             Conj/Fire      100%       2d11      1%          4
 Conjure Ball Lightning   Conj/Air       45%        3x3d16    1%          6
 Metabolic Englaciation   Hex/Ice        25%        N/A       9%          5
 Animate Armour           Summ/Erth      66%        N/A       10%         4
 Dispel Undead            Necr           33%        3d14      10%         4
 Petrify                  Tmut/Erth      33%        N/A       10%         4
 Alistair's Intoxication  Tmut/Pois      22%        N/A       28%         5
 Lehudib's Crystal Spear  Conj/Erth      41%        10d10     80%         8
 Statue Form              Tmut/Erth      22%        N/A       83%         6
 Discord                  Hex            32%        N/A       99%         8
 Disjunction              Tloc           32%        N/A       99%         8


Dungeon Overview and Level Annotations

Branches:
Dungeon (12/15)            Temple (1/1) D:4            Lair (5/5) D:11
 Shoals (0/4) Lair:2       Spider (0/4) Lair:3        Slime (0/5) Lair:5
    Orc (1/2) D:12

Altars:
Cheibriados
Dithmenos
Elyvilon
Fedhas
Gozag
Kikubaaqudgha
Makhleb
Qazlal
Sif Muna
Trog
Uskayaw
Vehumet
Wu Jian
Yredelemnul
Zin
The Shining One
Jiyva
Lugonu

Shops:
D:11 [

Portals:
Abyss: Lair:5

Annotations:
D:2 Natasha
D:8 2 transporters, Maurice
Lair:5 3 runed translucent doors, lurch's ghost, journeyman DsCA
Orc:1 Snorg


Message History

The mystic blast hits the ogre!
You kill the ogre!
Vehumet accepts your kill.
You feel your power returning.
You hear a shout!
Snorg rages.
An orc priest comes into view. It is wielding a +0 flail.
Casting: Iskenderun's Mystic Blast (safe; 1% risk of failure)
Confirm with . or Enter, or press ? or * to list all spells.
Aiming: Fireball (safe; 1% risk of failure)
Press: ? - help, Shift-Dir - straight line, f/p - Snorg
Aim: Snorg (severely wounded, berserk)
You feel a strong surge of power!
The fireball explodes!
The fireball engulfs Snorg!!
Snorg is almost dead.
Your battlesphere fires!
The barrage of energy hits the orc priest!
The orc priest is severely wounded.
An orc comes into view. It is wielding a +0 hand axe.
An ogre comes into view. It is wielding a +0 giant club.
You feel a surge of power!
The magic dart hits Snorg.
Snorg is almost dead.
Your battlesphere fires!
The barrage of energy hits the orc priest!!
You kill the orc priest!
Vehumet accepts your kill.
You feel your power returning.
The orc sorcerer gestures at you while chanting.
You suddenly lose the ability to move!
Snorg bites you! Snorg claws you! Snorg claws you.
An orc comes into view. It is wielding a +0 short sword.
The orc priest invokes the aid of Beogh against you.
Beogh smites you!
The orc sorcerer casts a spell.
Snorg bites you. Snorg claws you!
* * * LOW HITPOINT WARNING * * *
Snorg claws you.
* * * LOW HITPOINT WARNING * * *
Snorg bites you!!
You die...

##. . ##.. ##..
. #.#..
#).O#.#.....
##....#$#....
#.......)....
#.).).......
4..#....)....#
..o..).@T.$..#
.......*....#..
........#......
#..............
.......o. ..#..
#........o..)..
###......) ##..
#.......o $.


You could see Snorg (berserk), a chaos spawn (summoned), an orc sorcerer, an
ogre, an orc priest, 2 orcs and a friendly battlesphere.

Vanquished Creatures
  A fire giant (D:12)
  Nessos (Lair:5)
  2 yaktaur captains (D:12)
  2 hydras
  3 boulder beetles
  Erolcha (D:10)
  2 centaur warriors
  A death knight (D:11)
  A catoblepas (Lair:5)
  4 two-headed ogres
  8 death yaks
  An orc high priest (Orc:1)
  2 thrashing horrors (Lair:5)
  Sonja (Lair:5)
  5 skeletal warriors (D:12)
  Amaemon (D:8)
  5 large abominations (Lair:5)
  An oklob plant (Lair:5)
  9 elephants
  2 cyclopes (D:12)
  An ugly thing (Lair:5)
  A manticore (D:11)
  A black mamba (shapeshifter) (Lair:5)
  5 black mambas
  A smoke demon (Lair:5)
  Joseph (D:8)
  An orange demon (D:8)
  A torpor snail (Lair:4)
  12 cane toads
  An eye of devastation (Lair:5)
  Psyche (D:9)
  3 gargoyles
  A yaktaur (shapeshifter) (D:11)
  3 kobold demonologists (D:9)
  3 rime drakes (Lair:3)
  6 komodo dragons
  2 ancient zymes (Lair:5)
  A troll (D:11)
  3 polar bears
  30 blink frogs
  A raiju (shapeshifter) (Lair:5)
  A shadow (D:12)
  9 wyverns
  2 ynoxinuls (Lair:5)
  3 wraiths
  24 yaks
  3 vampire mosquitoes (D:12)
  9 basilisks
  2 steam dragons (D:8)
  12 water moccasins
  A floating eye (Lair:5)
  2 ice beasts (D:6)
  7 orc warriors
  4 sky beasts
  A black bear (D:6)
  19 wolves
  3 ogres
  2 centaurs
  3 phantoms
  A kobold brigand (D:8)
  8 bullfrogs
  A cane toad simulacrum (Lair:3)
  4 scorpions
  4 wights (D:6)
  9 small abominations (Lair:5)
  24 killer bees
  4 howler monkeys
  2 hounds
  10 orc priests
  2 jellies (D:8)
  A gnoll bouda (D:7)
  5 iguanas
  11 orc wizards
  Natasha (D:2)
  2 polar bear simulacra (Lair:3)
  8 gnolls
  6 adders
  2 white imps
  4 ufetubi
  3 worms
  A dart slug (D:1)
  32 orcs
  2 endoplasms (D:4)
  5 giant cockroaches
  A goblin (D:1)
  3 hobgoblins
  16 kobolds
  A quokka (D:3)
  2 ball pythons (D:1)
  4 bats
  2 frilled lizards (D:3)
  7 rats
427 creatures vanquished.

Vanquished Creatures (others)
  30 fulminant prisms
  31 fungi
  38 plants
99 creatures vanquished.

Grand Total: 526 creatures vanquished

Notes
Turn   | Place    | Note
-------+----------+-------------------------------------------
     0 | D:1      | Plasmagod the Deep Elf Conjurer began the quest for the
                  | Orb.
     0 | D:1      | Reached XP level 1. HP: 10/10 MP: 6/6
   841 | D:1      | Reached XP level 2. HP: 15/15 MP: 2/8
  1395 | D:2      | Noticed Natasha
  1400 | D:2      | Learned a level 2 spell: Searing Ray
  1632 | D:2      | Killed Natasha
  1633 | D:2      | Reached skill level 5 in Conjurations
  1633 | D:2      | Reached XP level 3. HP: 12/19 MP: 1/9
  1645 | D:2      | Noticed Natasha
  2045 | D:3      | You fall into a shaft and drop 2 floors!
  2045 | D:5      | Entered Level 5 of the Dungeon
  2077 | D:5      | Noticed a phantom
  2099 | D:5      | Noticed a phantom
  2113 | D:4      | Killed a phantom
  2114 | D:4      | Reached XP level 4. HP: 16/24 MP: 4/10
  2282 | D:3      | Reached XP level 5. HP: 28/28 MP: 1/11
  2282 | D:3      | Identified the +7 rapier of Watchfulness {protect, Str+4}
  2580 | D:3      | Found a white marble altar of Elyvilon.
  2887 | D:4      | Found a staircase to the Ecumenical Temple.
  2903 | Temple   | Entered the Ecumenical Temple
  2934 | Temple   | Became a worshipper of Vehumet
  4206 | D:6      | Reached XP level 6. HP: 7/32 MP: 1/12
  4842 | D:5      | Noticed a moth of wrath
  4844 | D:5      | Found a bloodstained altar of Trog.
  5129 | D:6      | Identified the +0 robe of Protective Custody {Harm +Inv
                  | Will+ Str+4}
  5158 | D:6      | Reached XP level 7. HP: 36/36 MP: 4/13
  5653 | D:7      | Found an ancient bone altar of Kikubaaqudgha.
  6105 | D:7      | Learned a level 4 spell: Fulminant Prism
  6309 | D:7      | Reached skill level 1 in Hexes
  6586 | D:7      | Found a shadowy altar of Dithmenos.
  6598 | D:7      | Found an ornate altar of the Wu Jian Council.
  6619 | D:7      | Reached skill level 4 in Spellcasting
  6672 | D:7      | Reached skill level 10 in Conjurations
  6707 | D:7      | Reached XP level 8. HP: 41/41 MP: 0/17
  6889 | D:7      | Reached * piety under Vehumet
  6889 | D:7      | Offered knowledge of Freeze by Vehumet.
  6890 | D:7      | Reached skill level 5 in Spellcasting
  7067 | D:7      | Learned a level 4 spell: Iskenderun's Mystic Blast
  7073 | D:7      | Learned a level 5 spell: Iskenderun's Battlesphere
  7429 | D:6      | Found a burning altar of Makhleb.
  7434 | D:6      | Found a glowing silver altar of Zin.
  7435 | D:6      | Noticed a blizzard demon
  7435 | D:6      | Noticed an angel
  7588 | D:6      | Reached skill level 6 in Spellcasting
  7641 | D:6      | Reached skill level 5 in Hexes
  7701 | D:6      | Reached skill level 7 in Spellcasting
  7951 | D:6      | Reached skill level 8 in Spellcasting
  8102 | D:6      | Reached skill level 9 in Spellcasting
  8179 | D:6      | Found a basalt altar of Yredelemnul.
  8348 | D:8      | Reached XP level 9. HP: 45/45 MP: 13/24
  8352 | D:8      | Noticed Joseph
  8353 | D:8      | Reached skill level 10 in Spellcasting
  8603 | D:8      | Offered knowledge of Shock by Vehumet.
  8612 | D:8      | Reached ** piety under Vehumet
  8808 | D:8      | Reached skill level 1 in Translocations
  8818 | D:8      | Reached skill level 11 in Spellcasting
  9075 | D:8      | Noticed Maurice
  9088 | D:8      | Killed Joseph
  9089 | D:8      | Reached skill level 12 in Spellcasting
  9089 | D:8      | Reached skill level 5 in Translocations
  9321 | D:7      | Identified 3 scrolls of acquirement
  9321 | D:7      | Acquired a staff of conjuration
  9325 | D:7      | Acquired 709 gold pieces
  9375 | D:8      | Found a hide-covered altar of Uskayaw.
  9691 | D:8      | Noticed Amaemon
  9696 | D:8      | Noticed an orange demon
  9699 | D:8      | Noticed a two-headed ogre
  9703 | D:8      | Killed Amaemon
  9704 | D:8      | Reached XP level 10. HP: 50/50 MP: 14/28
  9710 | D:8      | Killed a two-headed ogre
  9711 | D:8      | Reached skill level 5 in Fire Magic
  9838 | D:8      | Killed an orange demon
  9895 | D:8      | Found a stormy altar of Qazlal.
 10061 | D:8      | Found a transporter.
 10063 | D:8      | Found a transporter.
 10063 | D:8      | Noticed a boulder beetle
 10376 | D:9      | Offered knowledge of Inner Flame by Vehumet.
 10419 | D:9      | Noticed Psyche
 10423 | D:9      | Killed Psyche
 10478 | D:9      | Found a shimmering blue altar of Sif Muna.
 10833 | D:9      | Reached *** piety under Vehumet
 11075 | D:10     | Entered Level 10 of the Dungeon
 11108 | D:10     | Noticed a two-headed ogre
 11113 | D:10     | Killed a two-headed ogre
 11169 | D:10     | Noticed Erolcha
 11174 | D:10     | Killed Erolcha
 11175 | D:10     | Reached skill level 10 in Fire Magic
 11175 | D:10     | Reached skill level 1 in Fighting
 11175 | D:10     | Reached XP level 11. HP: 57/57 MP: 21/29
 11181 | D:10     | Learned a level 5 spell: Fireball
 11188 | D:10     | Learned a level 6 spell: Starburst
 11335 | D:10     | Noticed a two-headed ogre
 11341 | D:10     | Killed a two-headed ogre
 11623 | D:10     | Found a snail-covered altar of Cheibriados.
 11711 | D:10     | Reached skill level 5 in Fighting
 11715 | D:10     | Offered knowledge of Flame Wave by Vehumet.
 11847 | D:10     | Identified the amulet of Ricubba {+Inv Regen+ Int+4}
 12197 | D:11     | Found Xiec's Armour Shoppe.
 12204 | D:11     | Bought a +2 robe of resistance for 640 gold pieces
 12265 | D:11     | Noticed a two-headed ogre
 12271 | D:11     | Killed a two-headed ogre
 12331 | D:11     | Noticed a boulder beetle
 12399 | D:11     | Killed a boulder beetle
 13159 | D:11     | Reached **** piety under Vehumet
 13307 | D:11     | Noticed an orc knight
 13343 | D:11     | Found a staircase to the Lair.
 13803 | D:11     | Noticed a death knight
 13808 | D:11     | Killed a death knight
 13819 | D:11     | Reached XP level 12. HP: 30/75 MP: 15/30
 13928 | D:11     | Identified the +7 longbow "Diqaoveq" {flame, rF+ rC+ rN+}
 13928 | D:11     | Noticed a centaur warrior
 13932 | D:11     | Killed a centaur warrior
 14078 | Lair:1   | Entered Level 1 of the Lair of Beasts
 14308 | Lair:1   | Offered knowledge of Irradiate by Vehumet.
 14449 | Lair:1   | Reached skill level 10 in Fighting
 15342 | Lair:2   | Found a staircase to the Shoals.
 16111 | Lair:3   | Noticed a boulder beetle
 16117 | Lair:3   | Killed a boulder beetle
 16121 | Lair:3   | Reached ***** piety under Vehumet
 16121 | Lair:3   | Offered knowledge of Ozocubu's Refrigeration by Vehumet.
 16332 | Lair:3   | Found a hole to the Spider Nest.
 16340 | Lair:3   | Noticed a death yak
 16345 | Lair:3   | Noticed a death yak
 16346 | Lair:3   | Noticed a death yak
 16347 | Lair:3   | Killed a death yak
 16347 | Lair:3   | Noticed a death yak
 16355 | Lair:3   | Killed a death yak
 16356 | Lair:3   | Reached skill level 13 in Spellcasting
 16356 | Lair:3   | Reached XP level 13. HP: 86/86 MP: 14/32
 16460 | Lair:3   | Identified the +0 helmet of Defiance {rPois rF+ Int-4}
 16750 | Lair:3   | Found a frozen archway.
 16760 | Lair:3   | Reached skill level 14 in Spellcasting
 17469 | Lair:4   | Reached skill level 15 in Spellcasting
 17747 | Lair:4   | Learned a level 3 spell: Swiftness
 17925 | Lair:5   | Entered Level 5 of the Lair of Beasts
 17927 | Lair:5   | Noticed Sonja
 17931 | Lair:5   | Killed Sonja
 17932 | Lair:5   | Reached skill level 1 in Air Magic
 18161 | Lair:5   | Reached skill level 16 in Spellcasting
 18391 | Lair:5   | Offered knowledge of Freezing Cloud by Vehumet.
 18448 | Lair:5   | Found a runed translucent gate.
 18448 | Lair:5   | Found a runed translucent gate.
 18448 | Lair:5   | Found a runed translucent gate.
 18532 | Lair:5   | Reached skill level 17 in Spellcasting
 18854 | Lair:5   | Reached XP level 14. HP: 92/92 MP: 28/37
 19045 | Lair:5   | Found a staircase to the Slime Pits.
 19045 | Lair:5   | Found a viscous altar of Jiyva.
 19095 | Lair:5   | Reached skill level 18 in Spellcasting
 19173 | Lair:5   | Noticed Nessos
 19177 | Lair:5   | Killed Nessos
 19369 | Lair:5   | Noticed lurch's ghost (journeyman DsCA)
 19535 | Lair:5   | Found a one-way gate to the infinite horrors of the Abyss.
 19553 | Lair:5   | Reached skill level 19 in Spellcasting
 19744 | Lair:5   | Found a corrupted altar of Lugonu.
 20055 | D:12     | Learned a level 7 spell: Orb of Destruction
 20058 | D:12     | Noticed a fire giant
 20334 | D:12     | Found a staircase to the Orcish Mines.
 20406 | D:12     | Offered knowledge of Lee's Rapid Deconstruction by Vehumet.
 20410 | D:12     | Reached skill level 20 in Spellcasting
 20951 | D:12     | Killed a fire giant
 21121 | D:12     | Identified the +11 mace "Spiderslayer" {holy, Will+++ Str+7
                  | Dex-5}
 21127 | D:12     | Identified the +2 scale mail of Dukopt {Fly Int+2}
 21463 | Orc:1    | Entered Level 1 of the Orcish Mines
 21463 | Orc:1    | Noticed Snorg
 21472 | Orc:1    | Paralysed by an orc sorcerer for 3 turns
 21474 | Orc:1    | Mangled by Snorg

Illustrated notes

Levels and vault maps discovered:
D:1:      dpeg_arrival_round_a, layout_loops_corners, chequers_jeans
D:2:      layout_rooms, kennysheep_generic_room_12, uniq_natasha
D:3:      layout_rooms, mainiacjoe_overflow_alcove_2
D:4:      layout_basic, minmay_temple_entry_offerings, portal_sewer_entry_e,
          eino_tiny_chamber, chequers_serial_rivers_micro_d, moated_statue
D:5:      layout_cave_pools, tgw_trog, abandoned_shop
D:6:      nicolae_cairo_tiling_large, layout_basic,
          grunt_temple_overflow_order_and_chaos_2,
          mainiacjoe_overflow_surrounded_room
D:7:      layout_layer_cave, mainiacjoe_overflow_boulevard,
          grunt_dithmenos_smoke, kiku_gazebo_pond_becter
D:8:      gammafunk_boulding_lane, layout_loops_ring,
          nicolae_uskayaw_murder_on_the_dancefloor,
          mainiacjoe_overflow_concentric_impassable, hangedman_misty_isle,
          uniq_joseph, uniq_maurice, uniq_amaemon
D:9:      layout_roguey, nicolae_sif_muna_little_library, uniq_psyche
D:10:     layout_basic, mainiacjoe_overflow_tiny_flanked, uniq_erolcha
D:11:     layout_layer_cave, minmay_lair_entry_grove, serial_shops,
          nicolae_shop_advertising_works [nicolae_subvault_shop_adworks],
          minmay_diamond_spiral
D:12:     layout_stronghold, orc_0_dummy, minmay_checkered_concentric_circles
Temple:   cyrus_temple_forest
Lair:1:   layout_long_grid, columned_hall_lemuel, st_stairs_10,
          grunt_megastairs_2
Lair:2:   layout_cave_pods, shoals_dummy_entry
Lair:3:   layout_cave_shapes, nicolae_spider_entry_non_spiders,
          portal_ice_cave_entry_ice_simulacra, serial_bayou_shore_b
Lair:4:   layout_roguey
Lair:5:   hellmonk_lair_end_abyssal_woods, layout_loops_ring,
          minmay_slime_entry_eyes, gammafunk_ghost_icy, uniq_sonja, uniq_nessos
Orc:1:    layout_caves, basic_altar, mines1_david, uniq_snorg, uniq_harold

Skill      XL: |  1  2  3  4  5  6  7  8  9 10 11 12 13 14 |
---------------+-------------------------------------------+-----
Conjurations   | 5 6 8 9 10 11 | 11.6
Hexes          | 3 6 |  6.0
Spellcasting   | 4 9 12 13 17 20 | 20.0
Translocations | 6 |  6.0
Fire Magic     | 3 10 | 10.0
Fighting       | 1 8 12 | 12.0
Air Magic      | 4 |  4.3
Dodging        | |  2.8
Stealth        | |  2.8

Action                   |  1- 3 |  4- 6 |  7- 9 | 10-12 | 13-15 || total
-------------------------+-------+-------+-------+-------+-------++-------
Melee: Rapier            |       |       |    10 |       |       ||    10
 Cast: Magic Dart        |    32 |    62 |    91 |   195 |   190 ||   570
       Searing Ray       |     4 |    18 |    32 |    17 |     3 ||    74
       Fulminant Prism   |       |       |    12 |    14 |     4 ||    30
       Iskenderun's Batt |       |       |     7 |    43 |    43 ||    93
       Iskenderun's Myst |       |       |     3 |    27 |    60 ||    90
       Fireball          |       |       |       |    19 |    33 ||    52
       Starburst         |       |       |       |     2 |     6 ||     8
       Swiftness         |       |       |       |       |     1 ||     1
       Orb of Destructio |       |       |       |       |     1 ||     1
  Use: Scroll            |       |       |    16 |     7 |     6 ||    29
       Potion            |       |       |       |     1 |     1 ||     2
Armor: Robe              |     1 |     2 |    16 |     3 |    11 ||    33
Dodge: Dodged            |     6 |    11 |    46 |     6 |    25 ||    94

Table legend: (Time is in decaauts)
 A = Elapsed time spent in this place.
 B = Non-inter-level travel time spent in this place.
 C = Inter-level travel time spent in this place.
 D = Time resting spent in this place.
 E = Time spent auto-exploring this place.
 F = Levels seen in this place.
 G = Mean time per level.
                   A        B        C        D        E       F      G
               +--------+--------+--------+--------+--------+-----+--------+
         Total |  21491 |  20953 |    538 |   3401 |  14974 |  19 | 1131.1 |
       Dungeon |  15468 |  15105 |    363 |   2809 |  10500 |  12 | 1289.0 |
        Temple |     53 |     53 |      0 |      0 |     23 |   1 |   53.0 |
          Lair |   5959 |   5784 |    175 |    592 |   4451 |   5 | 1191.8 |
  Orcish Mines |     10 |     10 |      0 |      0 |      0 |   1 |   10.0 |
               +--------+--------+--------+--------+--------+-----+--------+

Top non-repeatable levels by time:
     D:7: 2353 daAuts
     D:6: 2061 daAuts
    D:11: 2005 daAuts
  Lair:5: 1916 daAuts
    D:12: 1416 daAuts
     D:1: 1268 daAuts
     D:8: 1255 daAuts
  Lair:2: 1224 daAuts
    D:10: 1011 daAuts
  Lair:4: 1006 daAuts
  Lair:1: 973 daAuts
     D:5: 931 daAuts
     D:9: 921 daAuts
     D:4: 916 daAuts
  Lair:3: 837 daAuts
